[Event "Fall IM-D Norm Invitational 2022"]
[Site "Charlotte"]
[Date "2022.11.20"]
[Round "6"]
[White "Lee, Alice"]
[Black "Marek, Matyas"]
[Result "0-1"]
[ECO "E11"]
[WhiteElo "2284"]
[BlackElo "2346"]
[Annotator "TA"]
[PlyCount "100"]
[EventDate "2022.11.18"]
[EventType "tourn"]
[EventCountry "USA"]
[SourceTitle "playchess.com"]
[Source "ChessBase"]
[SourceQuality "1"]
[TimeControl "5400+30"]

1. d4 Nf6 2. c4 e6 3. Nf3 Bb4+ 4. Bd2 c5 5. Bxb4 cxb4 6. a3 bxa3 7. Rxa3 O-O 8. Nc3 d6 {[%emt 0:00:33] E11: Bogo-Indian.} 9. e4 {[%emt 0:04:30][%cal Be2e4,Be4e5][%mdl 32] outshines the older 9.e3.} Nc6 10. Be2 {[%emt 0:00:26] [#]} a5 $146 {[%emt 0:01:04] The position is equal.} ({Predecessor:} 10... b6 11. O-O Bb7 12. d5 Nb4 13. Nd4 e5 14. Nf5 g6 15. Nh6+ Kg7 16. Qd2 Qe7 {½-½ (61) Banikas,H (2599)-Cordova,E (2592) Chess.com INT 2020}) 11. O-O Nb4 12. e5 Ne8 13. Na2 Nc6 (13... Nxa2 $11 {remains equal.} 14. Rxa2 b6) 14. Bd3 b6 15. Qe2 Bb7 16. Qe4 g6 17. Qe3 Ne7 18. Ng5 (18. Nc3 {simplifies} Rc8 19. Rb3 Bxf3 20. Qxf3 Nc6 21. Qe3) 18... h6 19. Ne4 (19. Nh3 $14 Ng7 20. Qxh6) 19... Nf5 $15 20. Qf4 dxe5 21. dxe5 Qd4 22. Bb1 {[%emt 0:10:48] White is on the road to losing.} (22. Nf6+ $15 Nxf6 23. Qxd4 Nxd4 24. exf6) 22... Rc8 $36 {[%emt 0:10:00][%mdl 2048] Black is on the roll.} (22... Qxb2 23. Rh3 h5 24. Nec3 $15) 23. Rc3 (23. Re1 $17) 23... g5 $19 (23... Rxc4 $2 24. Rxc4 Qxb2 25. Rc2 $18) 24. Qg4 Qxe5 (24... Rxc4 $2 25. Rxc4 Qxe5 26. Rd1 $18) 25. Re1 (25. Nc1 $142) 25... Ned6 26. Rcc1 (26. b3) 26... Bxe4 (26... Qxb2 $2 27. Nxd6 Nxd6 28. Red1 $19) (26... Nxc4 27. Nd2 Nfe3 28. Nxc4 Rxc4 29. Qh3 Rxc1 30. Nxc1 Qxb2 31. Nd3 $15) 27. Bxe4 Qxb2 (27... Rxc4 $2 28. Rxc4 Nxc4 29. Qe2 $19) 28. Bxf5 Nxf5 29. Nc3 Rfd8 30. g3 (30. Ne4 $142) 30... Rd3 31. Ne4 Qd4 32. Kg2 Ng7 ({Much less strong is} 32... Rxc4 33. Rxc4 Qd5 34. Rc7 $18) 33. Qe2 Rd8 (33... Rxc4 $2 34. Rxc4 Qxc4 35. Nf6+ Kh8 36. g4 $19) 34. f3 (34. c5 $142 f5 35. Nd6) 34... f5 35. Nf2 Rd2 36. Qf1 (36. Qxd2 {is a better defense.} Qxd2 37. Rcd1) 36... Qc5 37. Re2 a4 38. Qe1 Rxe2 39. Qxe2 a3 {[%emt 0:00:11] Hoping for ...b5.} 40. Rc2 {[%emt 0:01:17] Prevents b5.} Qd4 41. Rc1 (41. Ra2 $142 Ra8 42. Qc2) 41... Qd2 {[%emt 0:00:50] Black is clearly winning.} 42. Qf1 (42. Rc2 $142 Qxe2 43. Rxe2) 42... a2 43. Qd1 Qxd1 44. Nxd1 {[%emt 0:00:01][%mdl 4096] Endgame KRN-KRN} Rd2+ 45. Kf1 Ne8 {[%emt 0:00:59][%cal Od2c2] White must now prevent ...Rc2!} (45... Rxh2 $2 {perishes.} 46. Nf2 $19) 46. Ke1 {[%emt 0:00:30] [#]} Rc2 47. Ra1 Nd6 (47... Rxc4 $2 {is the wrong capture.} 48. Rxa2 Kf7 49. Ra6 $19) 48. Ne3 Rxh2 {[%emt 0:00:05][%cal Od6c4] Threatens to win with ...Nxc4!} 49. Nf1 Rb2 {[%emt 0:00:07] ( -> ...Rb1+)} 50. Nd2 {[%emt 0:00:36] [#] Against Rb1+} Nxc4 $1 {[%emt 0:00:07] Weighted Error Value: White=0.87/Black=0.33} 0-1

[Event "Fall IM-D Norm Invitational 2022"]
[Site "Charlotte"]
[Date "2022.11.20"]
[Round "6"]
[White "Eidelman, Gabriel"]
[Black "Liu, Eric"]
[Result "1-0"]
[ECO "D35"]
[WhiteElo "2197"]
[BlackElo "2182"]
[Annotator "TA"]
[PlyCount "123"]
[EventDate "2022.11.18"]
[EventType "tourn"]
[EventCountry "USA"]
[SourceTitle "playchess.com"]
[Source "ChessBase"]
[SourceQuality "1"]
[TimeControl "5400+30"]

1. d4 d5 2. c4 e6 3. Nc3 Nf6 4. cxd5 exd5 5. Bg5 c6 6. e3 Qb6 {[%emt 0:01:08] 6...Bd6 is setting a new trend.} 7. Qd2 Ne4 {[%emt 0:00:27] D35: Queen's Gambit Declined: Exchange Variation.} 8. Nxe4 dxe4 9. Ne2 Bf5 {[%emt 0:00:11] White is slightly better.} 10. Nc3 Bd6 11. Be2 Nd7 12. Rc1 (12. d5 {is interesting.} Nc5 13. dxc6 Be5 14. cxb7 Qxb7 15. O-O) 12... O-O {[%emt 0:02:06] [#]} 13. h3 $146 ({Predecessor:} 13. Bh4 Rfe8 14. Bg3 Bxg3 15. fxg3 Rad8 16. O-O Bg6 17. Na4 Qc7 18. b4 a6 19. Nc5 {1-0 (40) Leitao,R (2515)-Beckemeier,W (2380) Dortmund 1998}) 13... Rae8 14. Bh4 h6 15. O-O g5 16. Bg3 Bxg3 17. fxg3 Bg6 18. g4 Rd8 19. Qc2 Rfe8 20. Rf2 (20. Bc4 {feels hotter.} Kg7 21. Qf2 Qb4 22. Bb3) 20... Qc7 21. Na4 (21. Bc4 {keeps more tension.} Qg3 22. Qe2 Kg7 23. Bb3) 21... Re7 22. Bd1 Qd6 23. Qc3 Nf6 24. Bb3 Nd5 25. Bxd5 Qxd5 26. Qa3 Qd6 27. Qxd6 Rxd6 28. Rc5 b6 29. Rc1 f6 30. Rfc2 Be8 31. Nc3 h5 32. gxh5 Bxh5 33. g4 Be8 34. Ne2 Rh7 35. Kg2 f5 36. gxf5 Bh5 37. Ng1 (37. Nc3 $5 Bf3+ 38. Kg3 $14) 37... Be8 38. Rf2 Rdh6 39. Kg3 Kf7 40. d5 c5 (40... cxd5 $11 41. Rc7+ Kf6 42. Rxh7 Rxh7) 41. b4 $1 $14 cxb4 42. Rc4 Rh4 43. f6 ({Don't play} 43. Rxb4 Kf6 $11) 43... Kg6 44. Rc8 {[%emt 0:00:45] White is more active.} ({Much worse is} 44. Rxb4 Bd7 $15) 44... Bf7 {[%emt 0:02:54] [#] Black cannot hold the game after this.} (44... Bb5 $16) 45. d6 $1 $18 {[%emt 0:00:11] Black must now prevent d7.} Be6 {[%emt 0:00:16] [#]} 46. Re8 Bf7 (46... Bd7 47. f7 Rxf7 48. Rxf7 Bxe8) 47. d7 Rh8 48. d8=Q Rxe8 49. Qd7 Re6 50. Qxa7 Rh8 51. Ne2 Rc6 52. Qd7 Rc2 53. Qf5+ Kh6 54. Qxe4 Rxa2 55. Qxb4 Re8 56. Qxb6 Ra4 57. Nc3 Rc4 58. Nb5 {[%emt 0:00:43] White mates.} Rce4 59. Nd6 Rxe3+ 60. Kh2 R3e6 61. Nxf7+ Kg6 {[%emt 0:00:03] [#]} 62. Ne5+ $1 {[%emt 0:00:17] Weighted Error Value: White=0.06 (flawless) /Black=0.44} 1-0

[Event "Fall IM-D Norm Invitational 2022"]
[Site "Charlotte"]
[Date "2022.11.20"]
[Round "6"]
[White "Amburgy, Ryan"]
[Black "Petenyi, Tamas"]
[Result "1/2-1/2"]
[ECO "E12"]
[WhiteElo "2175"]
[BlackElo "2410"]
[Annotator "TA"]
[PlyCount "39"]
[EventDate "2022.11.18"]
[EventType "tourn"]
[EventCountry "USA"]
[SourceTitle "playchess.com"]
[Source "ChessBase"]
[SourceQuality "1"]
[TimeControl "5400+30"]

1. d4 Nf6 2. c4 e6 3. Nf3 b6 4. a3 Bb7 5. Nc3 d5 6. Bg5 Nbd7 7. cxd5 exd5 8. g3 Be7 {[%emt 0:03:59] is the legacy move (8...a6).} 9. Bg2 O-O 10. O-O Ne4 {[%emt 0:04:00] E12: Queen's Indian: Unusual White 4th moves, 4 a3, 4 Nc3 Bb7 5 a3 and 4 Nc3 Bb7 .} 11. Bxe7 Qxe7 {[%emt 0:00:05] [#] An uneventful encounter.} {Predecessor:} 12. Rc1 $146 f5 13. b4 c6 14. Ne1 Rac8 15. Nd3 Rfe8 16. Re1 Ba6 17. e3 Qf6 18. f4 Bxd3 19. Qxd3 Nxc3 20. Rxc3 {0-1 (38) Schmekel,F (2106)-Herbrig,A (2277) Wuerzburg 2018} 1/2-1/2

[Event "Fall IM-D Norm Invitational 2022"]
[Site "Charlotte"]
[Date "2022.11.20"]
[Round "6"]
[White "Willy, Stephen"]
[Black "Estrada Nieto, Julian"]
[Result "0-1"]
[ECO "C50"]
[WhiteElo "2159"]
[BlackElo "2241"]
[Annotator "TA"]
[PlyCount "60"]
[EventDate "2022.11.18"]
[EventType "tourn"]
[EventCountry "USA"]
[SourceTitle "playchess.com"]
[Source "ChessBase"]
[SourceQuality "1"]
[TimeControl "5400+30"]

1. e4 e5 2. Nf3 Nc6 3. Bc4 Bc5 4. c3 Nf6 5. O-O d6 6. d4 Bb6 {[%emt 0:01:14] C50: Hungarian Defence and Giuoco Pianissimo.} 7. h3 O-O 8. a4 {[%emt 0:02:43] [#]} h6 $146 ({Much less strong is} 8... Nxe4 9. Bd5 $16) (8... a5 $11) ({Predecessor:} 8... exd4 9. cxd4 Nxe4 10. Bd5 Bf5 11. Bxc6 bxc6 12. a5 c5 13. Re1 Re8 14. axb6 axb6 15. Rxa8 Qxa8 16. dxc5 bxc5 {1-0 (43) Lipsits,S (1549)-Correa de Almeida,C (1545) LSS email 2016}) 9. d5 $16 Na5 10. Bd3 {[%emt 0:00:40] And now b4 would win.} c6 11. c4 {[%emt 0:11:46] Hoping for b4.} c5 12. Nc3 a6 13. Nh2 Bc7 14. f4 b6 {[%emt 0:00:16] [#]} ({Better is} 14... exf4 15. Bxf4 Qe7) 15. f5 $1 Bd7 {[%emt 0:02:53][%cal Ob6b5] [#]} 16. g4 (16. b3 $142 $1) 16... Nh7 17. Nf3 b5 18. b3 (18. axb5 $16 axb5 19. cxb5 (19. Nxb5 Bxb5 20. cxb5 c4 $16)) 18... bxc4 $11 19. Bxc4 Nxc4 20. bxc4 Rb8 21. h4 Ba5 22. Bd2 (22. Ra3 $11 {and White is okay.}) 22... Nf6 $19 23. g5 (23. Nh2 {was called for.}) 23... Bxc3 {[%emt 0:00:22] This bishop pair is nice.} 24. gxf6 (24. Bxc3 $142 Nxe4 25. Qe1 Nxc3 26. Qxc3) 24... Bxd2 25. Qxd2 Qxf6 26. Qa5 $2 (26. a5 {was necessary.}) 26... Rb2 27. Rf2 $2 (27. Rab1 Rc2 28. Qe1 (28. Qxa6 $2 Bxf5 29. Rf2 Bxe4 $19)) 27... Rxf2 {[%emt 0:00:14] Black is clearly winning.} 28. Kxf2 {[%emt 0:00:13] [#]} Bxf5 $1 29. exf5 (29. Qe1 Bg4) 29... e4 {[%emt 0:00:12][%cal Be5e4,Be4f3][%mdl 96] Discovered Attack} 30. Re1 exf3 {[%emt 0:00:25] Black used his chance.  Weighted Error Value: White=0.59/Black=0.16 (very precise)} 0-1

[Event "Fall IM-D Norm Invitational 2022"]
[Site "Charlotte"]
[Date "2022.11.20"]
[Round "6"]
[White "De La Colina, Nicolas"]
[Black "Malicka, Maria"]
[Result "1/2-1/2"]
[ECO "A15"]
[WhiteElo "2123"]
[BlackElo "2275"]
[Annotator "TA"]
[PlyCount "74"]
[EventDate "2022.11.18"]
[EventType "tourn"]
[EventCountry "USA"]
[SourceTitle "playchess.com"]
[Source "ChessBase"]
[SourceQuality "1"]
[TimeControl "5400+30"]

1. Nf3 Nf6 2. c4 c5 3. g3 d5 4. cxd5 Nxd5 5. Bg2 Nc6 6. Nc3 Nc7 7. O-O e5 8. d3 Be7 9. b3 O-O 10. Bb2 f6 11. Rc1 Bd7 {[%emt 0:04:48] A34: Symmetrical English: 2 Nc3, lines with ...d5.} 12. Qd2 Rc8 13. Rfd1 b6 {[%emt 0:05:37] [#] Black has an edge.} 14. e3 $146 ({Predecessor:} 14. Qe1 Be6 15. Nd2 Nd5 16. Nxd5 Bxd5 17. Bxd5+ Qxd5 18. Qf1 Rfd8 19. Qg2 Qxg2+ 20. Kxg2 f5 21. Nc4 Bf6 22. Bc3 Kf7 23. h4 Rd7 24. Rd2 Rcd8 25. Rcd1 {½-½ (25) Snajdr,T (2019)-Hruby,V (1871) Znojmo 2006}) 14... Bg4 15. h3 Bh5 16. g4 Bf7 17. Nh4 Nd5 18. Nf5 {[%emt 0:01:25] And now d4 would win.} Nxc3 (18... Re8 {with more complications.} 19. d4 exd4 20. exd4 cxd4 21. Nxd5 Bxd5 22. Bxd5+ Qxd5 23. Bxd4 Bb4) 19. Bxc3 {[%emt 0:01:33] Threatens to win with d4.} Bd5 20. Qe2 Bxg2 21. Kxg2 g6 {[%emt 0:03:17] Prevents d4.} (21... Qd5+ {is more complex.} 22. Qf3 Rfd8 23. h4 Bf8) 22. Ng3 Qd5+ 23. Qf3 Rcd8 24. Rd2 Rd7 25. Rcd1 Rfd8 26. Ne4 Qe6 27. Ng3 a5 28. Qe4 Qd5 (28... Kf7 {is interesting.} 29. f4 exf4 30. Qxf4 Bd6) 29. Qxd5+ Rxd5 30. Ne2 Kf7 31. f4 Ke6 32. fxe5 (32. a4 $11) 32... fxe5 $15 {[%emt 0:00:05] [#] ...Bg5 is the strong threat.} 33. Ng3 Nb4 34. Bxb4 axb4 35. Kf3 R5d7 36. Ne4 Ra7 {[%emt 0:02:53] Prevents h4.} 37. Rc2 Rda8 {[%emt 0:00:28] Weighted Error Value: White=0.09 (flawless) /Black=0.08 (flawless)} 1/2-1/2